 Dungeon Crawl Stone Soup version 0.30-a0-883-g5ad918d77d (webtiles) character file.

Game seed: 5492881931562922010

39 Iich the Trooper (level 3, 29/29 HPs)
             Began as a Demonspawn Fighter on Mar 16, 2023.
             Got out of the dungeon alive.
             The game lasted 00:03:12 (913 turns).

Iich the Trooper (Demonspawn Fighter)                Turns: 913, Time: 00:03:13

Health: 29/29      AC:  7    Str: 15    XL:     3   Next: 28%
Magic:  3/3        EV:  8    Int: 13    God:
Gold:   38         SH:  4    Dex: 11    Spells: 2/2 levels left

rFire   . . .      SeeInvis .    a - +0 war axe
rCold   . . .      Faith    .    c - +0 buckler
rNeg    . . .      Spirit   +    b - +0 scale mail
rPois   .          Reflect  .    (no helmet)
rElec   .          Rampage  .    (no cloak)
rCorr   .                        l - +0 pair of gloves
Will    .....                    (boots unavailable)
Stlth   +                        p - amulet of guardian spirit
HPRegen 0.24/turn                (no ring)
MPRegen 0.08/turn                (no ring)

@: no status effects
A: hooves 3, camouflage 1, clever 1, clumsy 1
a: no special abilities


You escaped.
You visited 1 branch of the dungeon, and saw 1 of its levels.

You collected 38 gold pieces.

Inventory:

Hand Weapons
 a - a +0 war axe (weapon)
Armour
 b - a +0 scale mail (worn)
 c - a +0 buckler (worn)
 l - a +0 pair of gloves (worn)
 n - a +2 pair of boots
Jewellery
 p - an amulet of guardian spirit (around neck)
Scrolls
 f - a scroll of blinking {unknown}
 h - a scroll of magic mapping {unknown}
 j - a scroll of enchant weapon {unknown}
 m - a scroll of torment
 o - a scroll of enchant armour
Potions
 d - a potion of might
 k - a potion of berserk rage {unknown}


   Skills:
 + Level 3.4 Fighting
 * Level 3.0 Axes
 - Level 2.6 Armour
 - Level 2.6 Shields


You had 2 spell levels left.
You didn't know any spells.
Your spell library was empty.

Dungeon Overview and Level Annotations

Branches:
Dungeon (1/15)

Altars:


Innate Abilities, Weirdness & Mutations

You have hooves in place of feet.
Your skin changes colour to match your surroundings (Stealth+).
Your mind is acute. (Int +4, Str/Dex -1)
You are clumsy. (Dex -2)


Message History

As you read the scroll labelled DELIMO KYUC, it crumbles to dust.
It is a scroll of identify.
o - a scroll of enchant armour;
i - a scroll of identify
m - a scroll labelled BOTTOLUT QOPOS
As you read the scroll of identify, it crumbles to dust.
m - a scroll of torment
As you read the scroll labelled HOD TAACELIRO, it crumbles to dust.
The scroll dissolves into smoke.
It was a scroll of fog.
It was a potion of mutation.
You feel extremely strange.
You feel clever.
You occasionally lose the ability to read scrolls when taking damage.
Your skin functions as natural camouflage.
You feel a strange attunement to the structure of the dungeons.
Really quaff the potion of mutation?
You feel extremely strange.
You no longer become unable to read scrolls after taking damage.
You feel slightly disoriented.
You feel clumsy.
Your feet have mutated into hooves.
Your +2 pair of boots falls away!
Done exploring.
You drop a scroll of fog.
(D) Dungeon
Where to? (? - help)
What level of the Dungeon? (default 1, ? - help)
Things that are here:
a +0 whip; 4 stones A hobgoblin comes into view.
The hobgoblin shouts!
You see here a +0 short sword.
You block the hobgoblin's attack.
You slash the hobgoblin!
You kill the hobgoblin!
No target in view!
No target in view!
(D) Dungeon
Where to? (Enter - D:1 @ (x,y), ? - help)
What level of the Dungeon? (default 1, ? - help)
There is a staircase leading out of the dungeon here.
Are you sure you want to leave the Dungeon?
This will make you lose the game!
You have escaped!

....#
#....≈.≈...≈.≈..§≈.#.#..#
###.#
#..§§§.≈≈§§§≈≈.≈≈≈.#.#..# #
#.# #..§..>..§§§§.>≈§..#.#..#
# #.#
#.§≈.≈≈≈.≈§§§≈.≈§§.#.#..#
###.#
#..§§§.§.≈§§§≈..§§.#.#..#
#...#
#..§≈≈.≈≈§.≈§≈≈≈§≈.#.#..#
#.###
#...§..§..>≈....§.§..#... ..#
#..≈§§.§§§.≈.≈§≈≈≈...##.# ###
#..≈§§.≈@§§≈.§...§§#.†..# ##
#..§.§≈≈§≈§≈≈§§§≈≈.#.#### .#
#..≈..>.§≈§§§§§§...#.# .###
####..§§≈.§≈≈.§§§§§≈≈.#.# ...#
#.......§.≈...§§≈§§.≈...#
...###.#.#.≈§§.§≈§≈≈.≈≈§≈≈..##
#.)....#.......§.........§..#
#..)..###....§.##############
###...# ########


There were no monsters in sight!

Vanquished Creatures
  A dart slug (D:1)
  3 ball pythons (D:1)
  5 endoplasms (D:1)
  A giant cockroach (D:1)
  2 goblins (D:1)
  2 hobgoblins (D:1)
  4 jackals (D:1)
  6 kobolds (D:1)
  3 bats (D:1)
  2 frilled lizards (D:1)
  5 rats (D:1)
34 creatures vanquished.

Notes
Turn   | Place    | Note
-------+----------+-------------------------------------------
     0 | D:1      | Iich the Demonspawn Fighter began the quest for the Orb.
     0 | D:1      | Reached XP level 1. HP: 18/18 MP: 1/1
   182 | D:1      | Gained mutation: You have large cloven feet. [demonic
                  | ancestry]
   182 | D:1      | Reached XP level 2. HP: 24/24 MP: 2/2
   394 | D:1      | Gained mutation: You have hoof-like feet. [demonic
                  | ancestry]
   394 | D:1      | Reached XP level 3. HP: 29/29 MP: 3/3
   854 | D:1      | Gained mutation: Your mind is acute. (Int +4, Str/Dex -1)
                  | [potion of mutation]
   854 | D:1      | Gained mutation: You occasionally lose the ability to read
                  | scrolls when taking damage. [potion of mutation]
   854 | D:1      | Gained mutation: Your skin changes colour to match your
                  | surroundings (Stealth+). [potion of mutation]
   854 | D:1      | Gained mutation: You passively map a small area around you.
                  | [potion of mutation]
   855 | D:1      | Lost mutation: You occasionally lose the ability to read
                  | scrolls when taking damage. [potion of mutation]
   855 | D:1      | Lost mutation: You passively map a small area around you.
                  | [potion of mutation]
   855 | D:1      | Gained mutation: You are clumsy. (Dex -2) [potion of
                  | mutation]
   855 | D:1      | Gained mutation: You have hooves in place of feet. [potion
                  | of mutation]
   913 | D:$      | Got out of the dungeon alive.

Illustrated notes

Levels and vault maps discovered:
D:1:      evilmike_arrival_hilbert_curve, layout_basic, minivault_4,
          minmay_octomino_c4

Skill      XL: |  1  2  3 |
---------------+----------+-----
Axes           | 2 3 |  3.0
Fighting       | |  3.4
Armour         | |  2.6
Shields        | |  2.6

Action                     || total
---------------------------++-------
  Melee: War axe           ||    74
         Kick              ||    10
    Use: Scroll            ||     3
         Potion            ||     2
 Armour: Scale mail        ||    37
  Dodge: Dodged            ||    36
  Block: Buckler           ||    20

Table legend: (Time is in decaauts)
 A = Elapsed time spent in this place.
 B = Non-inter-level travel time spent in this place.
 C = Inter-level travel time spent in this place.
 D = Time resting spent in this place.
 E = Time spent auto-exploring this place.
 F = Levels seen in this place.
 G = Mean time per level.
                   A        B        C        D        E       F      G
               +--------+--------+--------+--------+--------+-----+--------+
         Total |    945 |    899 |     46 |      0 |    675 |   1 |  945.0 |
       Dungeon |    945 |    899 |     46 |      0 |    675 |   1 |  945.0 |
               +--------+--------+--------+--------+--------+-----+--------+

Top non-repeatable levels by time:
     D:1: 945 daAuts
